Arrhythmia, chaotic female vampiric Convict # ----|-------- ----- |...........| #+...| -------- ---------------- |...........| ###|....# #.......| |.>............| |............########....|# ###|......| |..............-##############............| ### #-----# # |......| |..............| ---+------.-- # ########## #........# ----.----------- ############## # # #|......|# # # ## # # #|....`.|# # ### #### # # #--------# # # # # # # ### # ### ##########)%############################# # # # #--+-- #--------.-----% #### # # # # --.--.------ #|...-#####|............|# #--|----# ###### |..........| #|...| #|............|# #|.....+# # ## |...........#########)#)#&k.....#####|..........`.|# #|.....| #####---- |..........| @|...| |............|# #|.<...| ###+..| |..........-####### 0######|...| |.............# ------- ###|..| ------------ |...| -------------- 0...| ----- -|-- # Arrhythmia the Jail-bird Experience level: 6 Strength: 18/01 Dexterity: 12 Constitution: 19 Intelligence: 9 Wisdom: 8 Charisma: 9 Health: 0(48) Energy: 36(36) AC: 10 Gold: 0 Moves: 1842 Your Inventory: Armor b - a cursed +0 striped shirt (being worn) g - an [uncursed +0] iron skull cap [orcish helm] l - an [uncursed +0] hooded cloak [dwarvish] m - an [uncursed +0] pair of hard shoes [iron] Scrolls e - an [uncursed] scroll labeled YUM YUM [of identify] f - an [uncursed] scroll labeled HACKEM MUCHE [of scare monster] h - an [uncursed] scroll labeled LEP GEX VEN ZEA [of flood] i - a [cursed] scroll labeled ETAOIN SHRDLU [of teleportation] j - an [uncursed] scroll labeled ZLORFIK [of earth] Potions k - an [uncursed] bubbly potion [of fruit juice] Iron balls c - an [uncursed] heavy iron ball (chained to you) (weapon in hand) Spells known in the end: Name Level Category Fail Memory Your skills at the end: Fighting Skills Weapon Skills sling [Basic / Skilled] Spellcasting Skills Final Attributes: You were devoutly aligned. Hunger level was 825. Your alignment was 19 / 19. Monster difficulty range was 0 - 4. Level difficulty was 3. You were immune to level-drain. You were immune to sickness. You were punished. You could fly. You could survive without air. You regenerated. Your luck was zero. You are dead. Vanquished creatures: a pony a giant ant a little dog a kitten a dwarf a rothe a centipede an orc zombie an iguana a gas spore a manes 2 cave spiders a green mold 2 geckos 2 jackals 3 goblins 2 sewer rats a grid bug 2 bats 4 lichens 3 kobold zombies 6 newts 39 creatures vanquished. Voluntary challenges: You went without food. You were illiterate. You never hit with a wielded weapon. You put on armor 1 time. You never genocided any monsters. You never polymorphed an object. You never changed form. You used no wishes. You abstained from Elbereth's help. You never encountered a bones level. You never used any Sokoban shortcuts. Dungeon overview: The Dungeons of Doom: levels 1 to 4 Level 1 a fountain a long staircase Level 3 <- You were here Level 4 a fountain, a sink a long staircase History has recorded: On T:1 you entered the Dungeons of Doom to retrieve the Amulet of Yendor! On T:306 you reached level 2 of The Dungeons of Doom. On T:308 you advanced to experience level 2. On T:695 you advanced to experience level 3. On T:1024 you reached level 3 of The Dungeons of Doom. On T:1027 you advanced to experience level 4. On T:1373 you advanced to experience level 5. On T:1479 you reached level 4 of The Dungeons of Doom. On T:1710 you advanced to experience level 6. Latest messages: [HP+1=24] [HP+1=25] [HP+1=26] [HP+1=27] The kobold throws a crude dagger! You are hit by a crude dagger. [HP-2=25] [HP+1=26] You are hit by a dart! [HP-4=22] [HP+1=23] The kobold hits! [HP-3=20] [HP+1=21] You miss the manes. (2x) The incubus acts as though he has got a headache. The incubus hits! (2x) The kobold just misses! [HP-11=10] You destroy the manes! The incubus acts as though he has got a headache. The incubus hits! You die... Final status: Goodbye Arrhythmia the Convict... You died in The Dungeons of Doom on dungeon level 3 with 1262 points, and 0 pieces of gold, after 1842 moves. You were level 6 with a maximum of 48 hit points when you died.